 Dungeon Crawl Stone Soup version 0.28-a0-381-g937acc2988 (webtiles) character file.

Game seed: 6362795931443763883

2744 robertstho the Thaumaturge (level 10, -4/69 HPs)
             Began as a Djinni Fire Elementalist on Sept 1, 2021.
             Was an Initiate of Gozag.
             Slain by a wyvern zombie (13 damage)
             ... on level 8 of the Dungeon.
             The game lasted 00:10:46 (9721 turns).

robertstho the Thaumaturge (DjFE)                   Turns: 9721, Time: 00:10:47

Health: -4/69      AC:  4    Str:  7    XL:     10   Next: 0%
Gold:   371        EV: 13    Int: 19    God:    Gozag SH:  0 Dex: 15

rFire   + + .      SeeInvis .   b - +0 dagger
rCold   x . .      Faith    .   (no shield)
rNeg    . . .      Spirit   .   a - +0 robe
rPois   ∞          Reflect  .   (no helmet)
rElec   .          Harm     .   (no cloak)
rCorr   .          Rampage  .   l - +1 pair of gloves
Will    .....                   (boots unavailable)
Stlth   ++........              (no amulet)
HPRegen 0.21/turn               (no ring)
MPRegen 0.00/turn               (no ring)

@: weak-willed, gold aura, flying
A: sickness immunity, fire resistance 2, cold vulnerability 1, float, innate
caster, hp casting, extra vitality 1
a: Renounce Religion, Potion Petition, Call Merchant, Bribe Branch


You were on level 8 of the Dungeon.
You worshipped Gozag.
Gozag was aware of your devotion.
You visited 2 branches of the dungeon, and saw 9 of its levels.

You collected 476 gold pieces.
You paid 105 gold pieces to Gozag.

Inventory:

Hand Weapons
 b - a +0 dagger (weapon)
Armour
 a - a +0 robe (worn)
 l - a +1 pair of gloves (worn)
Wands
 k - a wand of polymorph (6)
Scrolls
 e - 4 scrolls of vulnerability
 f - 2 scrolls of magic mapping {unknown}
 g - 2 scrolls of enchant weapon {unknown}
 h - 2 scrolls of immolation {unknown}
 j - a scroll of silence {unknown}
 o - a scroll of summoning {unknown}
 q - a scroll of fog {unknown}
 s - 2 scrolls of amnesia {unknown}
 t - 2 scrolls of identify {unknown}
 u - 3 scrolls of teleportation {unknown}
Potions
 c - a potion of cancellation {unknown}
 d - a potion of heal wounds {unknown}
 i - 2 potions of might
 m - a potion of brilliance
 n - a potion of curing
 p - a potion of degeneration {unknown}
 r - a potion of flight {unknown}


   Skills:
 * Level 4.3 Fighting
 + Level 0.5 Short Blades
 + Level 3.5 Dodging
 + Level 2.5 Stealth
 * Level 9.3 Spellcasting


You had 2 spell levels left.
You knew the following spells:

 Your Spells              Type           Power      Damage    Failure   Level
a - Foxfire               Conj/Fire      100%       2x1d9     1%          1
b - Conjure Flame         Conj/Fire      44%        6-21      1%          3
c - Inner Flame           Hex/Fire       44%        N/A       1%          3
d - Sticky Flame          Conj/Fire      44%        2d6       1%          4
e - Fireball              Conj/Fire      22%        3d10      4%          5
f - Sting                 Tmut/Pois      100%       1d8       1%          1
g - Poisonous Vapours     Pois/Air       88%        N/A       1%          2
h - Frozen Ramparts       Ice            88%        1d10      1%          3
i - Swiftness             Air            44%        N/A       1%          3
Your spell library was empty.

Dungeon Overview and Level Annotations

Branches:
Dungeon (8/15)             Temple (1/1) D:7
   Lair: D:8-11

Altars:
Gozag
Hepliaklqana
Sif Muna
Trog

Shops:
D:3 (


Innate Abilities, Weirdness & Mutations

You are immune to sickness and miasma.
You are immune to poison.
Your flesh is very heat resistant. (rF++)
You are vulnerable to cold. (rC-)
You float through the air rather than walking.
You learn spells naturally, not from books.
Your magical power is your life essence.
You have superior vitality. (+4 HP)


Message History

Your magical contamination has completely faded away.
Unknown command.
A wyvern zombie is nearby!
A kobold comes into view. It is wielding a +0 short sword.
Casting: Fireball (dangerous; 4% risk of failure)
Confirm with . or Enter, or press ? or * to list all spells.
Aiming: Fireball (dangerous; 4% risk of failure)
Press: ? - help, Shift-Dir - straight line, f - wyvern zombie
Aim: a wyvern zombie The fireball explodes!
The fireball engulfs the wyvern zombie!
The wyvern zombie is lightly damaged.
* * * LOW HITPOINT WARNING * * *
Unknown command.
Unknown command.
As you read the scroll labelled JICRUE KIZIXU, it crumbles to dust.
Magic quickly surges around you.
It was a scroll of vulnerability.
Casting: Fireball (dangerous; 4% risk of failure)
Confirm with . or Enter, or press ? or * to list all spells.
Aiming: Fireball (dangerous; 4% risk of failure)
Press: ? - help, Shift-Dir - straight line, f/p - wyvern zombie
Aim: a wyvern zombie (lightly damaged, weak-willed)
The fireball explodes!
The fireball engulfs the wyvern zombie!!
The wyvern zombie is severely damaged.
* * * LOW HITPOINT WARNING * * *
You hear an angry hiss.
Unknown command.
Casting: Fireball (dangerous; 4% risk of failure)
Confirm with . or Enter, or press ? or * to list all spells.
Aiming: Sticky Flame (dangerous; 1% risk of failure)
Press: ? - help, Shift-Dir - straight line, f/p - wyvern zombie
Aim: a wyvern zombie (severely damaged, weak-willed, 100% to hit)
The sticky flame hits the wyvern zombie.
The wyvern zombie is severely damaged.
The wyvern zombie is covered in liquid flames!
* * * LOW HITPOINT WARNING * * *
The wyvern zombie burns!
The wyvern zombie closely misses you. The wyvern zombie bites you!
You die...
Your body crumbles into a pile of gold.

...#. #....
..)..###.#$ $
.......#.$##
#..........#
#.......$.# #.
###.....K..# #$..
..#.......# .$$..
.......Z@.##...#
..............#
.........#....#
.........###.....#
..........# ......
#........## ..#.$
#.....#...#...# #
#.......<.....##
#..[.......#...#


You could see a wyvern zombie (burning, weak-willed) and a kobold (weak-willed).

Vanquished Creatures
  A yak (D:7)
  A water moccasin (D:6)
  Duvessa (D:6)
  2 orc warriors
  5 ice beasts
  2 necrophages (D:6)
  A sky beast (D:7)
  A phantom (D:2)
  2 kobold brigands (D:8)
  A gnoll sergeant (D:7)
  2 scorpions
  Dowan (D:6)
  2 water moccasin skeletons
  A howler monkey (D:5)
  2 centaur zombies (D:7)
  4 hounds
  3 jellies
  2 centaur skeletons
  2 orc priests
  3 iguanas
  Terence (D:3)
  An orc wizard (D:6)
  A killer bee zombie (D:5)
  3 hound skeletons (D:4)
  7 gnolls
  A howler monkey skeleton (D:7)
  11 adders
  A white imp (D:6)
  An ufetubus (D:7)
  2 worms
  3 dart slugs
  20 orcs
  10 ball pythons
  12 endoplasms
  3 giant cockroaches
  5 goblins
  8 hobgoblins
  5 jackals
  15 kobolds
  4 quokkas
  5 bats
  5 frilled lizards
  3 rats
166 creatures vanquished.

Vanquished Creatures (collateral kills)
  6 foxfires (D:1)
6 creatures vanquished.

Vanquished Creatures (others)
  715 foxfires
  2 plants (D:1)
717 creatures vanquished.

Grand Total: 889 creatures vanquished

Notes
Turn   | Place    | Note
-------+----------+-------------------------------------------
     0 | D:1      | robertstho the Djinni Fire Elementalist began the quest for
                  | the Orb.
     0 | D:1      | Reached XP level 1. HP: 15/15 MP: 0/0
   226 | D:1      | Found a faded altar of an unknown god.
   245 | D:1      | Reached XP level 2. HP: 21/22 MP: 0/0
   498 | D:1      | Reached skill level 3 in Spellcasting
   662 | D:1      | Reached XP level 3. HP: 24/26 MP: 0/0
   662 | D:1      | Learned a level 1 spell: Sting
  1733 | D:2      | Noticed a phantom
  1740 | D:2      | Killed a phantom
  1741 | D:2      | Reached skill level 1 in Fighting
  1741 | D:2      | Reached skill level 4 in Spellcasting
  1741 | D:2      | Reached XP level 4. HP: 24/32 MP: 0/0
  1741 | D:2      | Reached XP level 5. HP: 28/37 MP: 0/0
  1741 | D:2      | Learned a level 2 spell: Poisonous Vapours
  2746 | D:3      | Found Paxu Gitua's Antique Weapon Emporium.
  2920 | D:3      | Noticed Terence
  2927 | D:3      | Killed Terence
  3356 | D:3      | Reached XP level 6. HP: 40/42 MP: 0/0
  4399 | D:4      | Found a hazy altar of Hepliaklqana.
  4401 | D:4      | Found a bloodstained altar of Trog.
  4507 | D:4      | Reached skill level 5 in Spellcasting
  4912 | D:4      | Reached XP level 7. HP: 20/49 MP: 0/0
  4912 | D:4      | Learned a level 3 spell: Frozen Ramparts
  5573 | D:5      | Entered Level 5 of the Dungeon
  5956 | D:5      | Reached skill level 6 in Spellcasting
  6042 | D:5      | Reached XP level 8. HP: 49/55 MP: 0/0
  6898 | D:6      | Reached skill level 7 in Spellcasting
  7031 | D:6      | Noticed Duvessa
  7031 | D:6      | Noticed Dowan
  7042 | D:6      | Killed Duvessa
  7045 | D:6      | Killed Dowan
  7199 | D:6      | Reached XP level 9. HP: 58/61 MP: 0/0
  7199 | D:6      | Learned a level 3 spell: Swiftness
  7603 | D:6      | Reached skill level 8 in Spellcasting
  8267 | D:7      | Found a staircase to the Ecumenical Temple.
  8280 | Temple   | Entered the Ecumenical Temple
  8335 | Temple   | Became a worshipper of Gozag Ym Sagoz the Greedy
  9430 | D:7      | Reached skill level 9 in Spellcasting
  9714 | D:8      | Reached XP level 10. HP: 26/69 MP: 0/0
  9721 | D:8      | Slain by a wyvern zombie

Illustrated notes

Levels and vault maps discovered:
D:1:      dpeg_arrival_shrine, layout_basic,
          shapermc_ecumenical_altar_rom_forum, serial_forest,
          infiniplex_forest_lined_3, infiniplex_forest_end_2,
          infiniplex_forest_straight_3, infiniplex_forest_lined_3_way,
          infiniplex_forest_pool, infiniplex_forest_lined_room_3,
          infiniplex_forest_lined_room_, minmay_tetromino_l4
D:2:      layout_basic, minivault_25
D:3:      layout_rooms, serial_shops, shop, hex_large,
          kennysheep_generic_room_14, uniq_terence
D:4:      layout_loops_ring, old_standard_altar, jmf_multi_god_temple,
          chequers_mini_garden, minmay_misc_feat_nine_boxes, dk_noncrumbling_4
D:5:      layout_basic
D:6:      layout_loops_ring, uniq_duvessa
D:7:      layout_loops_ring, minmay_temple_entry_junction, minmay_small_thing
D:8:      layout_cave_pools, grunt_qazlal_clouds, special_room
          [special_room_orc], hangedman_misty_isle
Temple:   hc_temple_tempest_star

Skill      XL: |  1  2  3  4  5  6  7  8  9 |
---------------+----------------------------+-----
Spellcasting   | 3 4 5 6 7 9 |  9.3
Fighting       | 1 2 3 4 |  4.3
Stealth        | 2 |  2.5
Dodging        | 3 |  3.5
Short Blades   | |  0.5

Action                   |  1- 3 |  4- 6 |  7- 9 | 10-12 || total
-------------------------+-------+-------+-------+-------++-------
Melee: Dagger            |       |     8 |    20 |       ||    28
 Cast: Foxfire           |    91 |   185 |   177 |       ||   453
       Sticky Flame      |       |     5 |    16 |     1 ||    22
       Fireball          |       |       |    20 |     3 ||    23
  Use: Potion            |       |       |     3 |       ||     3
       Scroll            |       |       |       |     1 ||     1
Armor: Robe              |     1 |    12 |    20 |       ||    33
Dodge: Dodged            |     2 |    35 |    43 |     1 ||    81

Table legend: (Time is in decaauts)
 A = Elapsed time spent in this place.
 B = Non-inter-level travel time spent in this place.
 C = Inter-level travel time spent in this place.
 D = Time resting spent in this place.
 E = Time spent auto-exploring this place.
 F = Levels seen in this place.
 G = Mean time per level.
                   A        B        C        D        E       F      G
               +--------+--------+--------+--------+--------+-----+--------+
         Total |   9721 |   9505 |    216 |    623 |   7663 |   9 | 1080.1 |
       Dungeon |   9658 |   9469 |    189 |    623 |   7636 |   8 | 1207.2 |
        Temple |     63 |     36 |     27 |      0 |     27 |   1 |   63.0 |
               +--------+--------+--------+--------+--------+-----+--------+

Top non-repeatable levels by time:
     D:4: 1807 daAuts
     D:1: 1665 daAuts
     D:7: 1502 daAuts
     D:6: 1305 daAuts
     D:5: 1246 daAuts
     D:3: 1209 daAuts
     D:2: 890 daAuts
  Temple: 63 daAuts
     D:8: 31 daAuts
